 Dungeon Crawl Stone Soup version 0.31-a0-986-g5e6e4ef867 (webtiles) character file.

Game seed: 10925933138714259360

97 gelatine the Trooper (level 4, -9/35 HPs)
             Began as a Demonspawn Fighter on Nov 15, 2023.
             Mangled by an ogre
             ... wielding a +0 giant club
              (18 damage)
             ... on level 3 of the Dungeon.
             The game lasted 00:03:54 (1580 turns).

gelatine the Trooper (Demonspawn Fighter)           Turns: 1580, Time: 00:03:55

Health: -9/35      AC: 12    Str: 19    XL:     4   Next: 42%
Magic:  4/4        EV: 10    Int:  9    God:
Gold:   138        SH:  4    Dex: 12    Spells: 3/3 levels left

rFire   . . .        k - +3 hand axe (heavy)
rCold   . . .        c - +0 buckler
rNeg    . . .        b - +0 scale mail
rPois   .            (no helmet)
rElec   .            (no cloak)
rCorr   .            (no gloves)
SInv    +            h - +0 pair of boots
Will    .....        (no amulet) Stlth
                     o - +4 ring of protection
HPRegen 0.25/turn    p - ring of see invisible
MPRegen 0.09/turn

%: no passive effects
@: no status effects
A: sturdy frame 1
a: no special abilities


You were on level 3 of the Dungeon.
You visited 1 branch of the dungeon, and saw 3 of its levels.

You collected 138 gold pieces.

Inventory:

Hand Weapons
 a - a +0 war axe
 k - a +3 heavy hand axe (weapon)
Missiles
 m - 6 stones (quivered)
Armour
 b - a +0 scale mail (worn)
 c - a +0 buckler (worn)
 h - a +0 pair of boots (worn)
Jewellery
 o - a +4 ring of protection (left hand)
 p - a ring of see invisible (right hand)
Scrolls
 f - 3 scrolls of identify {unknown}
 l - a scroll of enchant armour {unknown}
 n - a scroll of noise {unknown}
 s - a scroll of teleportation {unknown}
Potions
 d - a potion of might
 e - a potion of heal wounds {unknown}
 g - 2 potions of mutation {unknown}
 i - 3 potions of degeneration {unknown}
 j - 2 potions of curing {unknown}
 q - 2 potions of haste {unknown}
 r - a potion of attraction {unknown}


   Skills:
 + Level 3.5 Fighting
 + Level 2.9 Axes
 + Level 0.5 Throwing
 + Level 3.2 Armour
 + Level 0.4 Dodging
 + Level 3.0 Shields


You had 3 spell levels left.
You didn't know any spells.
Your spell library contained the following spells:

 Spells                   Type           Power      Damage    Failure   Level
 Apportation              Tloc           0%         N/A       71%         1
 Necrotise                Necr           0%         1d4       71%         1
 Summon Small Mammal      Summ           0%         N/A       71%         1
 Volatile Blastmotes      Fire/Tloc      0%         2d10      97%         3
 Fulminant Prism          Conj/Hex       0%         3d5       100%        4
 Iskenderun's Mystic Bla  Conj/Tloc      0%         2d3       100%        4


Dungeon Overview and Level Annotations

Branches:
Dungeon (3/15)

Altars:

Shops:
D:1 =

Annotations:
D:3 3 runed translucent doors, mandarbmax's ghost, novice HuDe


Innate Abilities, Weirdness & Mutations

Your movements are slightly less encumbered by armour. (ER -2)


Message History

You throw a stone. The stone hits the endoplasm.
The endoplasm is moderately wounded.
You throw a stone.
The stone hits the endoplasm but does no damage.
The endoplasm is moderately wounded.
You slash the endoplasm!
You kill the endoplasm!
A giant cockroach comes into view.
You throw a stone.
The stone closely misses the giant cockroach.
You throw a stone.
The stone barely misses the giant cockroach.
You throw a stone.
The stone hits the giant cockroach but does no damage.
You slash the giant cockroach!
You kill the giant cockroach!
You see here a giant cockroach corpse.
You open the door.
An ogre and a ball python come into view.
The ogre shouts!
The ball python hisses angrily.
You throw a stone.
The stone hits the ogre but does no damage.
You slash the ogre!
The ogre is heavily wounded.
The ogre barely misses you.
You hit the ogre.
The ogre is severely wounded.
The ogre hits you with a +0 giant club. The ogre hits you with a +0 giant club!
You barely miss the ogre.
The ogre is severely wounded.
The ogre closely misses you.
You barely miss the ogre.
The ogre is severely wounded.
The ogre hits you with a +0 giant club!
* * * LOW HITPOINT WARNING * * *
You hit the ogre.
The ogre is severely wounded.
The ogre hits you with a +0 giant club!!
Ouch! That really hurt!
You die...

#### ..........## #..#
......#......#############..#####
......#.####.....................
..........#####.######.†.#..#.##.
...........####.# #...#..#.#..
................########.........
.##...........#.@................
....†..†......##O####.##'##......
....###.##.##.#⌠S⌠ # #⌠.⌠#......
.##...........##... #...##.###..
.##.###)......###.......##..###..
.##.###.#...... #..<..##........
........#...... #⌠.⌠##..#......
.##...............#####..........
..................#.#######..##..


You could see an ogre and a ball python.

Vanquished Creatures
  3 gnolls (D:2)
  3 worms (D:3)
  3 dart slugs
  An orc (D:3)
  4 ball pythons
  4 bats
  4 endoplasms
  6 giant cockroaches
  2 goblins (D:1)
  5 hobgoblins
  2 jackals (D:1)
  2 quokkas
  2 frilled lizards
  6 kobolds
  3 rats
50 creatures vanquished.

Notes
Turn   | Place    | Note
-------+----------+-------------------------------------------
     0 | D:1      | gelatine the Demonspawn Fighter began the quest for the
                  | Orb.
     0 | D:1      | Reached XP level 1. HP: 18/18 MP: 1/1
   170 | D:1      | Gained mutation: Your movements are slightly less
                  | encumbered by armour. (ER -2) [demonic ancestry]
   170 | D:1      | Reached XP level 2. HP: 24/24 MP: 2/2
   175 | D:1      | Found Zecsot's Jewellery Emporium.
   534 | D:2      | Reached XP level 3. HP: 29/29 MP: 3/3
   706 | D:2      | Found a faded altar of an unknown god.
   772 | D:2      | Reached XP level 4. HP: 30/35 MP: 4/4
  1214 | D:3      | Noticed mandarbmax's ghost (novice HuDe)
  1266 | D:3      | Found a runed translucent gate.
  1267 | D:3      | Found a runed translucent gate.
  1269 | D:3      | Found a runed translucent gate.
  1574 | D:3      | Noticed an ogre
  1580 | D:3      | Mangled by an ogre

Illustrated notes

Levels and vault maps discovered:
D:1:      lemuel_arrival_broad_hall, layout_rooms, serial_shops,
          nicolae_shop_trees
D:2:      layout_basic, basic_ecumenical_altar, minivault_26, uniq_terence
D:3:      layout_basic, gammafunk_ghost_split, grunt_ministairs_8

Skill      XL: |  1  2  3  4 |
---------------+-------------+-----
Axes           | 2 |  2.9
Armour         | 3 |  3.2
Shields        | 3 |  3.0
Fighting       | |  3.5
Throwing       | |  0.5
Dodging        | |  0.4

Action                     |  1- 3 |  4- 6 || total
---------------------------+-------+-------++-------
  Melee: War axe           |    58 |       ||    58
         Hand axe          |    13 |    36 ||    49
  Throw: Stone             |    10 |    15 ||    25
 Armour: Scale mail        |    63 |    24 ||    87
  Dodge: Dodged            |    31 |    15 ||    46
  Block: Buckler           |    19 |     5 ||    24

Table legend: (Time is in decaauts)
 A = Elapsed time spent in this place.
 B = Non-inter-level travel time spent in this place.
 C = Inter-level travel time spent in this place.
 D = Time resting spent in this place.
 E = Time spent auto-exploring this place.
 F = Levels seen in this place.
 G = Mean time per level.
                   A        B        C        D        E       F      G
               +--------+--------+--------+--------+--------+-----+--------+
         Total |   1643 |   1608 |     35 |      0 |   1175 |   3 |  547.7 |
       Dungeon |   1643 |   1608 |     35 |      0 |   1175 |   3 |  547.7 |
               +--------+--------+--------+--------+--------+-----+--------+

Top non-repeatable levels by time:
     D:2: 646 daAuts
     D:1: 545 daAuts
     D:3: 452 daAuts
